 Dungeon Crawl Stone Soup version 0.19-a0-628-g9200b3b (webtiles) character file.

1456 georgeearnest the Covered (level 8, -5/106 HPs)
             Began as a Hill Orc Fighter on June 13, 2016.
             Was an Initiate of Beogh.
             Slain by an orc warrior
             ... wielding a +0 trident
              (7 damage)
             ... on level 6 of the Dungeon.
             The game lasted 00:09:33 (5974 turns).

georgeearnest the Covered (Hill Orc Fighter)        Turns: 5974, Time: 00:09:33

Health: -5/106     AC: 24    Str: 19 (21) XL:     8   Next: 76%
Magic:  8/8        EV:  2    Int: 13      God:    Beogh [......]
Gold:   301        SH: 10    Dex: 10      Spells: 0 memorised, 7 levels left

rFire  . . .     SeeInvis .     f - +2 hand axe (chop)
rCold  . . .     Gourm    .     (armour currently unavailable)
rNeg   + + +     Faith    .     c - +0 shield
rPois  +         Spirit   .     (helmet currently unavailable)
rElec  .         Dismiss  .     (cloak currently unavailable)
rCorr  .         Reflect  .     (gloves currently unavailable)
SustAt .         Harm     .     (boots currently unavailable)
MR     +....     NoTele   +     (no amulet)
Stlth  +.........               l - +5 ring of intelligence
                                i - ring of protection from magic

@: tree-form, somewhat resistant to hostile enchantments, very unstealthy
A: no striking features
a: Renounce Religion


You were on level 6 of the Dungeon.
You worshipped Beogh.
Beogh was noncommittal.
You were not hungry.
You were a tree.
You visited 1 branch of the dungeon, and saw 6 of its levels.

You collected 301 gold pieces.

Inventory:

Hand Weapons
 f - a +2 hand axe of chopping (weapon)
Missiles
 a - a throwing net (quivered)
Armour
 c - a +0 shield (worn)
 B - a +1 ring mail of fire resistance (melded)
Jewellery
 d - an uncursed amulet of magic regeneration {unknown}
 i - a ring of protection from magic (left branch)
 l - a +5 ring of intelligence (right branch)
 p - an uncursed amulet of harm {unknown}
 r - an uncursed ring of resist corrosion {unknown}
 t - a cursed -3 ring of dexterity {unknown}
 x - an uncursed ring of protection from magic
Wands
 m - a wand of acid (4/15)
 A - a wand of lightning (10/15)
Scrolls
 e - 4 scrolls of identify {unknown}
 h - 4 scrolls of recharging {unknown}
 j - a scroll of magic mapping {unknown}
 k - a scroll of amnesia {unknown}
 n - a scroll of remove curse {unknown}
 q - a scroll of blinking {unknown}
 s - a scroll of enchant weapon {unknown}
 v - 2 scrolls of random uselessness {unknown}
 y - a scroll of fear {unknown}
Potions
 g - 2 potions of degeneration
 u - a potion of curing {unknown}
Comestibles
 b - a meat ration
 o - 3 fruits


   Skills:
 + Level 6.4 Fighting
 + Level 6.0 Axes
 + Level 6.7 Armour
 + Level 3.5 Dodging
 + Level 0.3 Stealth
 + Level 6.3 Shields


You had 7 spell levels left.
You didn't know any spells.

Dungeon Overview and Level Annotations

Branches:
Dungeon (6/15)             Temple (0/1) D:5

Altars:
Dithmenos
Hepliaklqana
Kikubaaqudgha
Makhleb
Nemelex Xobeh
Pakellas
Qazlal
Yredelemnul
Zin

Shops:
D:5 *

Annotations:
D:6 Blork the orc


Message History

The orc warrior is severely wounded.
The orc warrior closely misses you.
You hit the orc warrior but do no damage.
The orc warrior is severely wounded.
The orc warrior hits you with a trident!
* * * LOW HITPOINT WARNING * * *
The orc warrior hits you from afar with a trident.
* * * LOW HITPOINT WARNING * * *
You turn into a tree.
Your +1 ring mail of fire resistance melds into your body.
You feel less resistant to fire.
Your roots penetrate the ground.
You block the orc warrior's attack. You block the orc warrior's attack.
The orc warrior hits you from afar with a trident.
* * * LOW HITPOINT WARNING * * *
The orc warrior hits you but does no damage.
The orc warrior hits you but does no damage.
The orc warrior hits you from afar with a trident!
You die...
Beogh appreciates the orc warrior's killing of a heretic priest.

.. #. # >#
.####### .# ##
......##.# .#
.###........# .#
....._..._..#.# .#
#..........#.# )#
#.....o......# .#
#..........# .#
##...♣...#.# .#
#..._.....# .#
###....#.## ##
###########..#..)#
.#
#.....)........###
.#
#.#########.####
.# #.# #.# .# #.#
#.# .# #.# #.#


You could see an orc warrior.

Vanquished Creatures
  Sigmund (D:4)
  Edmund (D:4)
  An ice beast (D:5)
  A black bear (D:6)
  2 centaurs (D:6)
  2 giant frogs (D:6)
  A gnoll sergeant (D:5)
  A water moccasin skeleton (D:4)
  2 crimson imps
  A jelly (D:6)
  4 orc wizards
  An iguana (D:5)
  2 worker ants
  A hound zombie (D:5)
  Robin (D:2)
  10 gnolls
  9 adders
  2 shadow imps (D:5)
  An ooze (D:2)
  An adder skeleton (D:4)
  2 giant geckos
  15 orcs
  9 bats
  A giant cockroach (D:1)
  19 goblins
  3 hobgoblins
  2 quokkas
  A giant gecko skeleton (D:6)
  3 giant newts
  A jackal skeleton (D:5)
  4 kobolds
  2 quokka skeletons
  4 rats (D:2)
111 creatures vanquished.

Vanquished Creatures (others)
  An orc priest (D:6)
  An orc (D:6)
2 creatures vanquished.

Grand Total: 113 creatures vanquished

Notes
Turn   | Place    | Note
--------------------------------------------------------------
     0 | D:1      | georgeearnest the Hill Orc Fighter began the quest for the Orb.
     0 | D:1      | Reached XP level 1. HP: 19/19 MP: 1/1
   127 | D:1      | Reached XP level 2. HP: 25/27 MP: 2/2
   474 | D:1      | Reached XP level 3. HP: 32/33 MP: 3/3
   740 | D:2      | Noticed Robin
   774 | D:2      | Reached XP level 4. HP: 30/40 MP: 4/4
   788 | D:2      | Killed Robin
  1110 | D:2      | Found a basalt altar of Yredelemnul.
  1422 | D:3      | Found a burning altar of Makhleb.
  1434 | D:3      | Found a stormy altar of Qazlal.
  1494 | D:3      | Reached skill level 1 in Dodging
  1703 | D:3      | Reached XP level 5. HP: 28/47 MP: 5/5
  1720 | D:3      | HP: 2/47 [gnoll/halberd (9)]
  2534 | D:4      | Noticed Sigmund
  2634 | D:5      | Entered Level 5 of the Dungeon
  2982 | D:5      | Reached XP level 6. HP: 39/53 MP: 6/6
  3028 | D:5      | Found an ancient bone altar of Kikubaaqudgha.
  3063 | D:5      | Found Vurobbuj's Elemental Accessories.
  3098 | D:5      | Found a staircase to the Ecumenical Temple.
  3751 | D:5      | Reached skill level 5 in Armour
  3765 | D:5      | Reached skill level 5 in Fighting
  4061 | D:4      | Found a sparkling altar of Nemelex Xobeh.
  4091 | D:4      | Reached XP level 7. HP: 58/61 MP: 7/7
  4277 | D:4      | Killed Sigmund
  4277 | D:4      | Reached skill level 5 in Axes
  4277 | D:4      | Reached skill level 5 in Shields
  4326 | D:4      | Noticed Edmund
  4338 | D:4      | Killed Edmund
  4599 | D:4      | Found a glowing silver altar of Zin.
  4952 | D:5      | Gained mutation: Your spells are a little harder to cast, but a little more powerful. [potion of beneficial mutation]
  4954 | D:5      | Lost mutation: Your spells are a little harder to cast, but a little more powerful. [potion of cure mutation]
  4962 | D:5      | Reached XP level 8. HP: 30/70 MP: 8/8
  5206 | D:6      | Noticed Blork the orc
  5537 | D:6      | Became a worshipper of Beogh the Brigand
  5939 | D:6      | Found a hazy altar of Hepliaklqana.
  5947 | D:6      | Found a shadowy altar of Dithmenos.
  5947 | D:6      | Found an oddly glowing altar of Pakellas.
  5967 | D:6      | HP: 3/71 [orc warrior/trident (2)]
  5971 | D:6      | HP: 1/106 [orc warrior/trident (4)]
  5974 | D:6      | Slain by an orc warrior

Vault maps used:
D:1:      matt_arrival_diagonals
D:2:      lemuel_crystal_altar, uniq_robin
D:3:      overflow_temple_1_default, solitary_fountain, solitary_fountain,
          grunt_qazlal_sundering
D:4:      nemelex_xobeh_ov_fountains_minmay, zin_treasury, first_bread,
          uniq_edmund, uniq_sigmund
D:5:      kiku_gazebo_garden_becter, minmay_temple_entry_glassed_door,
          minivault_24, hangedman_decor_lopped, serial_bayou_pond_a,
          kennysheep_cluttered_room, nicolae_elemental_shop
D:6:      grunt_temple_overflow_open, nicolae_overflow_hidden_temple,
          portal_sewer_entry_f, uniq_menkaure, uniq_blork_the_orc

Skill      XL: |  1  2  3  4  5  6  7  8 |
---------------+-------------------------+-----
Fighting       | 4 5 6 |  6.4
Axes           | 3 4 5 6 |  6.0
Armour         | 4 5 6 |  6.7
Shields        | 4 5 6 |  6.3
Dodging        | 1 2 3 |  3.5
Stealth        | |  0.3

Action                   |  1- 3 |  4- 6 |  7- 9 || total
-------------------------+-------+-------+-------++-------
Melee: War axe           |    74 |   174 |       ||   248
       Hand axe          |       |    33 |   207 ||   240
Invok: Convert to Beogh  |       |       |     1 ||     1
  Use: Potion            |       |     3 |     6 ||     9
  Eat: Bread ration      |       |     1 |     1 ||     2
       Meat ration       |       |     2 |       ||     2
Armor: Scale mail        |    48 |    76 |    10 ||   134
       Ring mail         |       |       |    54 ||    54
       Skin              |       |       |     7 ||     7
Dodge: Dodged            |    34 |    74 |    60 ||   168
Block: Shield            |    68 |   104 |   106 ||   278
